Map: Pillars of Gold LE

Players

GabeTalks - Winner!

  • Race: Terran Terran
  • League: Grandmaster
  • Spawn Location: 7:00

MaxPax

  • Race: Protoss Protoss
  • League: Grandmaster
  • Spawn Location: 1:00

VOD

Have the link to the VOD?

Description

Time

  • Played on: March 3, 2021, 12:59 p.m.
  • Length: 5:52
Show
View Real Time Build Order
Export as new Build Order

GabeTalks Terran - Winner!

Build Orders: Reaper Expand 

Get SALT Encoding   

  12  0:00  SCV  
  13  0:12  SCV  
  14  0:18  Supply Depot  
  14  0:24  SCV  
  15  0:39  SCV  
  15  0:41  Barracks  
  16  0:44  Refinery  
  16  0:51  SCV  
  17  1:03  SCV  
  18  1:16  SCV  
  19  1:29  Reaper, Orbital Command  
  20  1:49  Command Center  
  20  1:56  SCV, Supply Depot  
  20  2:00  Marine  
  22  2:08  SCV  
  23  2:13  Factory  
  23  2:20  SCV  
  23  2:21  Barracks Reactor  
  24  2:27  Refinery  
  24  2:32  SCV  
  25  2:44  SCV  
  26  2:56  Starport, SCV, Hellion  
  29  2:59  Marine x2  
  29  3:03  Orbital Command  
  31  3:08  SCV  
  32  3:17  Marine x2  
  32  3:18  Hellion  
  36  3:20  SCV  
  37  3:29  SCV  
  37  3:32  SCV, Medivac  
  41  3:37  Supply Depot  
  41  3:39  Hellion, Marine  
  44  3:42  Marine  
  44  3:47  SCV  
  46  3:53  Bunker  
  46  3:58  SCV  
  46  3:59  SCV  
  46  4:00  Supply Depot  
  46  4:01  Factory Tech Lab  
  48  4:03  Starport Tech Lab  
  48  4:05  Marine x2  
  50  4:11  SCV x2  
  52  4:21  Raven  
  52  4:23  SCV  
  55  4:25  Siege Tank  
  55  4:26  SCV  
  55  4:27  Supply Depot  
  55  4:28  Marine x2  
  61  4:35  SCV  
  62  4:41  Engineering Bay  
  62  4:48  SCV x2, Marine  
  64  4:57  Marine  
  61  5:00  SCV x2, Cyclone  
  61  5:04  Viking  
  61  5:06  Marine  
  66  5:12  SCV x2, Missile Turret  
  66  5:14  Missile Turret  
  66  5:18  Marine  
  65  5:24  SCV  
  65  5:26  Marine  
  65  5:27  Barracks  
  67  5:29  SCV  
  68  5:36  SCV  
Show
View Real Time Build Order
Export as new Build Order

MaxPax Protoss 

Build Orders: 1 Gate Expand, Dark Templar Rush 

Get SALT Encoding   

  12  0:00  Probe  
  13  0:12  Probe  
  14  0:17  Pylon  
  14  0:24  Probe  
  15  0:36  Probe (Chrono Boost)  
  15  0:41  Gateway  
  16  0:46  Probe (Chrono Boost)  
  17  0:51  Probe (Chrono Boost)  
  18  1:13  Nexus  
  18  1:18  Assimilator  
  18  1:21  Probe  
  19  1:31  Cybernetics Core  
  19  1:35  Assimilator  
  19  1:39  Probe  
  20  1:51  Probe  
  21  1:55  Pylon  
  21  2:04  Adept (Chrono Boost)  
  23  2:10  Warp Gate  
  23  2:13  Probe (Chrono Boost)  
  25  2:24  Probe (Chrono Boost)  
  25  2:27  Probe (Chrono Boost)  
  25  2:29  Adept  
  27  2:33  Probe (Chrono Boost)  
  27  2:34  Probe (Chrono Boost)  
  29  2:42  Probe  
  29  2:43  Twilight Council  
  30  2:45  Probe  
  31  2:54  Probe  
  31  2:57  Probe  
  33  3:00  Robotics Facility  
  33  3:08  Probe (Chrono Boost)  
  33  3:10  Probe (Chrono Boost)  
  35  3:19  Dark Shrine  
  37  3:21  Probe (Chrono Boost)  
  37  3:23  Probe (Chrono Boost)  
  37  3:26  Probe (Chrono Boost)  
  37  3:30  Probe  
  37  3:31  Gateway  
  39  3:38  Gateway  
  40  3:42  Probe  
  40  3:44  Warp Prism (Chrono Boost)  
  42  3:49  Probe  
  43  3:56  Probe, Assimilator  
  43  3:59  Pylon  
  43  4:01  Probe  
  45  4:18  Nexus  
  45  4:19  Probe x2  
  47  4:29  Pylon  
  47  4:38  Dark Templar x3  
  49  4:45  Probe x2  
  41  4:57  Probe x2  
  31  5:09  Probe x2  
  31  5:11  Stalker  
  34  5:21  Probe x2 (Chrono Boost)  
  29  5:31  Probe (Chrono Boost)  
  29  5:32  Probe (Chrono Boost)  
  29  5:35  Probe (Chrono Boost)  
  32  5:38  Probe (Chrono Boost)  
  32  5:40  Probe (Chrono Boost)  
Tags
 
Add a new tag
Caveats
  • Supply blocks, unpowered buildings, or Contaminate may cause inaccurate times.
  • Supply counts are checked every 10 seconds.